 Dungeon Crawl Stone Soup version 0.31-a0-1099-g7fa767f3fe (webtiles) character file.

Game seed: 10145698157162760572

873 Gumption the Grave Robber (level 7, -1/52 HPs)
             Began as a Demonspawn Hedge Wizard on Dec 1, 2023.
             Slain by a black bear (5 damage)
             ... on level 6 of the Dungeon.
             The game lasted 01:08:47 (7478 turns).

Gumption the Grave Robber (Demonspawn Hedge Wizard) Turns: 7478, Time: 01:08:47

Health: -1/52      AC:  7    Str: 10    XL:     7   Next: 74%
Magic:  1/13       EV: 12    Int: 17    God:
Gold:   264        SH:  0    Dex: 12    Spells: 4/14 levels left

rFire   . . .        b - +0 dagger (venom)
rCold   + . .        (no shield)
rNeg    . . .        o - +0 robe
rPois   +            c - +0 hat
rElec   .            B - +0 cloak
rCorr   .            n - +0 pair of gloves
SInv    .            (no boots)
Will    .....        (no amulet)
Stlth   ++           j - ring of poison resistance
HPRegen 0.28/turn    t - ring of protection from cold
MPRegen 0.13/turn

%: no passive effects
@: no status effects
A: claws 1, thin metallic scales 2, foul stench 1
a: no special abilities


You were on level 6 of the Dungeon.
You visited 1 branch of the dungeon, and saw 6 of its levels.

You collected 264 gold pieces.

Inventory:

Hand Weapons
 b - a +0 dagger of venom (weapon)
 e - a +0 dagger
 A - a +0 short sword of draining
Missiles
 q - 4 poisoned darts
 u - 5 silver javelins
 y - 5 boomerangs
Armour
 c - a +0 hat (worn)
 n - a +0 pair of gloves (worn)
 o - a +0 robe (worn)
 B - a +0 cloak (worn)
Magical Staves
 a - a staff of conjuration
Jewellery
 i - a ring of fire
 j - a ring of poison resistance (left hand)
 t - a ring of protection from cold (right hand)
 x - a +4 ring of protection
 z - a ring of fire
Scrolls
 f - 2 scrolls of amnesia {unknown}
 g - 2 scrolls of vulnerability
 k - 2 scrolls of fear {unknown}
 m - 5 scrolls of identify {unknown}
 p - 2 scrolls of enchant armour {unknown}
 r - 3 scrolls of teleportation
 v - a scroll of poison {unknown}
 w - 2 scrolls of immolation {unknown}
Potions
 d - a potion of magic
 h - a potion of resistance {unknown}
 l - 2 potions of curing {unknown}
 s - 3 potions of cancellation {unknown}


   Skills:
 + Level 3.3 Fighting
 + Level 3.3 Dodging
 - Level 1.7 Stealth
 + Level 4.4 Spellcasting
 - Level 3.0 Conjurations
 - Level 1.0 Summonings
 * Level 5.6 Necromancy
 - Level 0.8 Translocations
 + Level 1.0 Poison Magic


You had 4 spell levels left.
You knew the following spells:

 Your Spells              Type           Power      Damage    Failure   Level
a - Magic Dart            Conj           56%        1d5       4%          1
b - Necrotise             Necr           92%        1d8       1%          1
c - Vampiric Draining     Necr           23%        2d7       4%          3
d - Cigotuvi's Dreadful   Necr/Pois/Air  22%        N/A       9%          2
e - Mephitic Cloud        Conj/Pois/Air  8%         N/A       26%         3

Your spell library contained the following spells:

 Spells                   Type           Power      Damage    Failure   Level
 Slow                     Hex            12%        N/A       16%         1
 Blink                    Tloc           12%        N/A       16%         2
 Call Imp                 Summ           14%        N/A       16%         2
 Summon Guardian Golem    Hex/Summ       5%         N/A       36%         3
 Manifold Assault         Tloc           6%         N/A       71%         4
 Agony                    Necr           23%        N/A       38%         5
 Orb of Destruction       Conj           7%         9d6       100%        7
 Spellforged Servitor     Conj/Summ      5%         N/A       100%        7


Dungeon Overview and Level Annotations

Branches:
Dungeon (6/15)
 Temple: D:4-7

Altars:
Cheibriados
Dithmenos
Okawaru
Vehumet


Innate Abilities, Weirdness & Mutations

You have sharp fingernails.
You are mostly covered in thin metallic scales. (AC +3)
You may rarely emit foul miasma when damaged in melee.


Message History

The black bear barely misses you. The black bear completely misses you.
The black bear closely misses you.
The black bear attacks as it pursues you!
The black bear bites you but does no damage.
The black bear misses you.
The black bear claws you but does no damage.
There is a stone staircase leading up, spattered with blood here.
Casting: Vampiric Draining (dangerous; 4% risk of failure)
Confirm with . or Enter, or press ? or * to list all spells.
Aiming: Vampiric Draining (dangerous; 4% risk of failure)
Press: ? - help, Shift-Dir - straight line, f - black bear
Aim: a black bear (severely wounded, very poisoned)
You draw life force from the black bear.
You feel life coursing into your body.
The black bear bites you but does no damage.
The black bear claws you but does no damage.
The black bear closely misses you.
You closely miss the black bear.
The black bear is almost dead.
The black bear goes berserk!
You hit the black bear.
The black bear looks as sick as possible!
The black bear is almost dead.
The black bear misses you. The black bear claws you.
* * * LOW HITPOINT WARNING * * *
The black bear claws you but does no damage.
You hit the black bear but do no damage.
The black bear looks as sick as possible!
The black bear is almost dead.
The black bear completely misses you.
The black bear claws you but does no damage.
The black bear claws you.
* * * LOW HITPOINT WARNING * * *
The black bear bites you but does no damage.
The black bear claws you but does no damage.
The black bear barely misses you.
You closely miss the black bear. Your punch misses the black bear.
The black bear is almost dead.
The black bear bites you.
You die...

#.#.##......# .
#...........# #.
#.#.........# .
#.##..#....†...#...#
#..........#....S..#
#.#.###..#######...#
#...##..PP...# ...
#.....h###..P.P.
#....@.# ...P..
.....#.÷.# ...PP
.... ##..# .#PP. ..#
...# ##.. # [...# ..
....# .###.# .#


You could see a black bear (berserk, extremely poisoned).

Vanquished Creatures
  A black bear (D:5)
  A phantom (D:4)
  2 bullfrogs
  A scorpion (D:4)
  2 orc priests
  2 hounds
  An iguana (D:5)
  2 sleepcaps
  A gnoll bouda (D:4)
  2 orc wizards (D:5)
  11 gnolls
  4 adders
  2 worms
  2 dart slugs
  11 orcs
  7 bats
  4 endoplasms
  3 giant cockroaches
  6 goblins
  9 hobgoblins
  5 jackals (D:1)
  A quokka (D:1)
  9 ball pythons
  3 frilled lizards
  6 kobolds
  2 rats (D:2)
100 creatures vanquished.

Vanquished Creatures (collateral kills)
  A bat (D:1)
  A hobgoblin (D:1)
  A rat (D:1)
3 creatures vanquished.

Grand Total: 103 creatures vanquished

Notes
Turn   | Place    | Note
-------+----------+-------------------------------------------
     0 | D:1      | Gumption the Demonspawn Hedge Wizard began the quest for
                  | the Orb.
     0 | D:1      | Reached XP level 1. HP: 13/13 MP: 4/4
   129 | D:1      | Learned a level 1 spell: Necrotise
   374 | D:1      | Gained mutation: You have sharp fingernails. [demonic
                  | ancestry]
   374 | D:1      | Reached XP level 2. HP: 11/20 MP: 0/6
   540 | D:1      | Reached skill level 1 in Necromancy
  1236 | D:2      | Gained mutation: You are partially covered in thin metallic
                  | scales. (AC +2) [demonic ancestry]
  1236 | D:2      | Reached XP level 3. HP: 25/25 MP: 3/7
  1542 | D:2      | Reached skill level 1 in Fighting
  1797 | D:2      | Reached skill level 2 in Necromancy
  2314 | D:2      | Gained mutation: You are mostly covered in thin metallic
                  | scales. (AC +3) [demonic ancestry]
  2314 | D:2      | Reached XP level 4. HP: 32/32 MP: 5/8
  3247 | D:3      | Reached XP level 5. HP: 32/37 MP: 2/10
  3329 | D:3      | Reached skill level 3 in Necromancy
  3531 | D:3      | Found a faded altar of an unknown god.
  3533 | D:3      | Found an iron altar of Okawaru.
  3950 | D:4      | Found a radiant altar of Vehumet.
  3958 | D:4      | Found a shadowy altar of Dithmenos.
  3959 | D:4      | Found a snail-covered altar of Cheibriados.
  4289 | D:4      | Gained mutation: You may rarely emit foul miasma when
                  | damaged in melee. [demonic ancestry]
  4289 | D:4      | Reached XP level 6. HP: 34/44 MP: 4/11
  4876 | D:4      | Reached skill level 4 in Necromancy
  5718 | D:4      | Learned a level 3 spell: Vampiric Draining
  5721 | D:4      | Learned a level 2 spell: Cigotuvi's Dreadful Rot
  5722 | D:5      | Entered Level 5 of the Dungeon
  5823 | D:5      | Reached XP level 7. HP: 29/51 MP: 1/13
  6034 | D:5      | Noticed a wyvern
  6537 | D:5      | Reached skill level 5 in Necromancy
  7234 | D:5      | Learned a level 3 spell: Mephitic Cloud
  7258 | D:5      | HP: 1/45 [sleepcap (13)]
  7460 | D:6      | Reached skill level 1 in Poison Magic
  7478 | D:6      | Slain by a black bear

Illustrated notes

Levels and vault maps discovered:
D:1:      saegor_arrival_simple_c, layout_basic
D:2:      layout_loops_corners, minmay_stone_trees_small, minmay_tripent
D:3:      layout_basic, nicolae_overflow_ecumenical_swirl
D:4:      layout_basic, minitemple
D:5:      layout_loops_ring, nicolae_underground_beach
D:6:      corexii_shantytown, layout_cave_pools, kiku_gazebo_garden_becter,
          gammafunk_ghost_grave

Skill      XL: |  1  2  3  4  5  6  7 |
---------------+----------------------+-----
Necromancy     | 1 2 3 4 5 |  5.6
Conjurations   | 2 3 |  3.0
Fighting       | 1 2 3 |  3.3
Dodging        | 2 3 |  3.3
Spellcasting   | 4 |  4.4
Poison Magic   | 1 |  1.0
Stealth        | |  1.7
Summonings     | |  1.0
Translocations | |  0.8

Action                     |  1- 3 |  4- 6 |  7- 9 || total
---------------------------+-------+-------+-------++-------
  Melee: Dagger            |    48 |       |    56 ||   104
         Staff             |    12 |    24 |     2 ||    38
         Short sword       |       |     8 |       ||     8
         Punch             |       |       |     1 ||     1
   Cast: Magic Dart        |    62 |   123 |    26 ||   211
         Necrotise         |    33 |    35 |    19 ||    87
         Vampiric Draining |       |     2 |    13 ||    15
         Cigotuvi's Dreadf |       |       |     3 ||     3
    Use: Scroll            |       |     3 |     1 ||     4
 Armour: Robe              |    50 |    64 |    78 ||   192
  Dodge: Dodged            |    55 |    51 |    62 ||   168

Table legend: (Time is in decaauts)
 A = Elapsed time spent in this place.
 B = Non-inter-level travel time spent in this place.
 C = Inter-level travel time spent in this place.
 D = Time resting spent in this place.
 E = Time spent auto-exploring this place.
 F = Levels seen in this place.
 G = Mean time per level.
                   A        B        C        D        E       F      G
               +--------+--------+--------+--------+--------+-----+--------+
         Total |   7480 |   7327 |    153 |   1679 |   2595 |   6 | 1246.7 |
       Dungeon |   7480 |   7327 |    153 |   1679 |   2595 |   6 | 1246.7 |
               +--------+--------+--------+--------+--------+-----+--------+

Top non-repeatable levels by time:
     D:4: 2038 daAuts
     D:5: 1459 daAuts
     D:2: 1452 daAuts
     D:3: 1343 daAuts
     D:1: 1131 daAuts
     D:6: 55 daAuts
